 Dungeon Crawl Stone Soup version 0.29-a0-384-g6960b1960d (webtiles) character file.

Game seed: 15525754070756622490

44 zeratav the Skirmisher (level 3, -1/26 HPs)
             Began as an Octopode Transmuter on May 7, 2022.
             Slain by a goblin
             ... wielding a +0 club
             ... led by Robin
              (2 damage)
             ... on level 2 of the Dungeon.
             The game lasted 00:01:26 (1045 turns).

zeratav the Skirmisher (Octopode Transmuter)        Turns: 1045, Time: 00:01:27

Health: -1/26      AC:  1    Str:  9    XL:     3   Next: 62%
Magic:  6/6        EV: 13    Int: 17    God:
Gold:   70         SH:  0    Dex: 12    Spells: 5/6 levels left

rFire   . . .      SeeInvis .   c - +1 dagger (venom) {short}
rCold   . . .      Faith    .   (no shield)
rNeg    . . .      Spirit   .   (helmet restricted)
rPois   .          Reflect  .   (no amulet)
rElec   .          Harm     .   (no ring)
rCorr   .          Rampage  .   (no ring)
Will    .....                   (no ring)
Stlth   ++........              (no ring)
HPRegen 0.08/turn               (no ring)
MPRegen 0.10/turn               (no ring)
                                (no ring)
                                (no ring)

@: no status effects
A: almost no armour, amphibious, 8 rings, camouflage 1, gelatinous body 1,
(nimble swimmer 1), tentacles
a: no special abilities


You were on level 2 of the Dungeon.
You visited 1 branch of the dungeon, and saw 2 of its levels.

You collected 70 gold pieces.


Innate Abilities, Weirdness & Mutations

You cannot wear most types of armour.
You are amphibious.
You can wear up to eight rings at the same time.
Your skin changes colour to match your surroundings (Stealth+).
Your rubbery body absorbs attacks. (AC +1, EV +1)
((You are camouflaged when in or above water. (Stealth+)))
You have tentacles for arms and can constrict up to eight enemies at once.


   Skills:
 + Level 3.4 Fighting
 - Level 2.0 Dodging
 - Level 3.0 Unarmed Combat
 - Level 2.0 Spellcasting
 - Level 2.0 Transmutations


You had 5 spell levels left.
You knew the following spells:

 Your Spells              Type           Power      Damage    Failure   Level
a - Beastly Appendage     Tmut           16%        N/A       9%          1

Your spell library contained the following spells:

 Spells                   Type           Power      Damage    Failure   Level
 Wereblood                Tmut           8%         N/A       13%         2
 Spider Form              Tmut/Pois      5%         N/A       36%         3
 Ozocubu's Armour         Ice            1%         N/A       50%         3
 Ice Form                 Ice/Tmut       5%         N/A       77%         4
 Metabolic Englaciation   Hex/Ice        0%         N/A       99%         5
 Simulacrum               Ice/Necr       0%         N/A       100%        6

Inventory:

Hand Weapons
 c - a +1 dagger of venom (weapon) {short}
   (You took it off a kobold on level 1 of the Dungeon)
Scrolls
 d - a scroll of identify {unknown}
 e - a scroll of blinking {unknown}
Potions
 a - 3 potions of lignification {!q}
 b - a potion of curing {unknown}

Dungeon Overview and Level Annotations

Branches:
Dungeon (2/15)

Altars:

Shops:
D:1

[ ... ..#
#.# # #.#
#g##.##.#
.g.g.g..###
.gg.g....g#
#g#..##.#g#
# #.#@#
#.#g# #.#.#
#.#.# .....
..(.. ...
..###


You could see a hobgoblin (very poisoned) and 2 goblins.


Message History

A goblin comes into view. It is wielding a +0 club.
A goblin comes into view. It is wielding a +0 dagger.
You hear a shout!
The goblin shouts! x2
You hear a shout!
Robin roars a battlecry!
The goblins go into a battle-frenzy!
You hear a shout!
There is a stone staircase leading up here.
You hit the goblin.
The goblin is poisoned.
Your grab misses the goblin.
Your tentacle-slap misses the goblin.
Your squeeze misses the goblin. The goblin barely misses you.
You hit the goblin.
You kill the goblin!
You barely miss the goblin. You grab the goblin. You constrict the goblin.
The goblin hits you with a +0 club.
HP[-4]
You take 4 damage, and now have 21/25 hp.
You hit the goblin.
You kill the goblin!
Robin throws the goblin at you!
You hit the goblin.
The goblin is poisoned.
You grab the goblin. You squeeze the goblin. You constrict the goblin.
You kill the goblin!
Your Fighting skill increases to level 3!
HP[+1]
You now have 26 max hp (+1).
You closely miss Robin. Your grab misses Robin.
Robin hits you with a +0 dagger.
HP[-1]
You take 1 damage, and now have 21/26 hp.
You closely miss Robin. You grab Robin. You constrict Robin, but do no damage.
A goblin comes into view. It is wielding a +0 club.
Robin closely misses you.
The goblin shouts!
You hit Robin. You constrict Robin, but do no damage.
You hear a shout! x2; You hear an angry hiss.
Robin throws the goblin at you!
You hear a shout!
HP[-1]
You take 1 damage, and now have 20/26 hp.
You hit Robin.
Robin is poisoned.
You squeeze Robin. You constrict Robin.
You hear a shout!
The goblin barely misses you.
Robin roars a battlecry!
You hit Robin.
Robin looks as sick as possible!
You squeeze Robin.
You kill Robin!
The goblin no longer looks unusually strong.
The goblin hits you with a +0 club.
HP[-4]
You take 4 damage, and now have 16/26 hp.
You closely miss the goblin. Your grab misses the goblin.
The hobgoblin misses you. The goblin closely misses you.
You barely miss the goblin. Your grab misses the goblin.
Your squeeze misses the goblin.
The hobgoblin no longer looks unusually strong.
The goblin misses you.
A goblin comes into view. It is wielding a +0 dagger.
The hobgoblin closely misses you.
You closely miss the goblin. Your grab misses the goblin.
The goblin no longer looks unusually strong.
A worm comes into view.
The hobgoblin closely misses you. The goblin closely misses you.
You hit the goblin. Your grab misses the goblin. You squeeze the goblin.
The goblin barely misses you. The hobgoblin completely misses you.
HP[+1]
You hit the goblin.
You kill the goblin!
The hobgoblin hits you.
* * * LOW HITPOINT WARNING * * *
HP[-4]
You take 4 damage, and now have 13/26 hp.
You closely miss the hobgoblin. Your grab misses the hobgoblin.
The hobgoblin barely misses you.
You hit the hobgoblin.
The hobgoblin is poisoned.
You grab the hobgoblin. You squeeze the hobgoblin. You constrict the hobgoblin.
You kill the hobgoblin!
You closely miss the goblin. Your grab misses the goblin.
You tentacle-slap the goblin, but do no damage.
The goblin barely misses you.
You hit the worm.
The worm is poisoned.
You grab the worm. You tentacle-slap the worm. You constrict the worm.
The goblin hits you with a +0 club.
* * * LOW HITPOINT WARNING * * *
HP[-1]
You take 1 damage, and now have 12/26 hp.
You hit the worm.
The worm looks as sick as possible!
You squeeze the worm, but do no damage. You constrict the worm.
The worm bites you!
* * * LOW HITPOINT WARNING * * *
The goblin completely misses you.
HP[-11]
You take 11 damage, and now have 1/26 hp.
MASSIVE DAMAGE!! (PAUSE)
You hit the worm.
The worm looks as sick as possible!
You squeeze the worm!
You kill the worm!
The goblin completely misses you.
You hit the hobgoblin but do no damage.
The hobgoblin is poisoned.
You grab the hobgoblin. You constrict the hobgoblin.
The hobgoblin closely misses you. The goblin hits you with a +0 club.
You die...

Skill      XL: |  1  2  3 |
---------------+----------+-----
Fighting       | 2 3 |  3.4
Dodging        | |  2.0
Unarmed Combat | |  3.0
Spellcasting   | |  2.0
Transmutations | |  2.0

Action                   || total
-------------------------++-------
Melee: Unarmed           ||     7
       Constrict         ||    17
       Punch             ||     3
       Dagger            ||    45
       Tentacles         ||    12
 Cast: Beastly Appendage ||     2
 Stab: Sleeping          ||     4
Armor: Skin              ||     4
Dodge: Dodged            ||    31

Levels and vault maps discovered:
D:1:      co_arrival_random_square_maze, layout_basic, serial_shops,
          nicolae_shop_stone
D:2:      layout_loops_ring, basic_ecumenical_altar, minivault_5, uniq_robin

Notes
Turn   | Place    | Note
-------+----------+-------------------------------------------
     0 | D:1      | zeratav the Octopode Transmuter began the quest for the
                  | Orb.
     0 | D:1      | Reached XP level 1. HP: 13/13 MP: 3/3
    45 | D:1      | magus.rc [v1.9.6]
    56 | D:1      | Found Zupia's Antique Armour Emporium.
   173 | D:1      | Reached skill level 2 in Fighting
   173 | D:1      | Reached XP level 2. HP: 19/19 MP: 5/5
   366 | D:1      | You pick up a book of Winter and begin reading...
   366 | D:1      | You add the spells Ozocubu's Armour, Metabolic Englaciation
                  | and Simulacrum to your library.
   779 | D:1      | Reached XP level 3. HP: 24/25 MP: 6/6
  1016 | D:2      | Noticed Robin
  1029 | D:2      | Reached skill level 3 in Fighting
  1033 | D:2      | Killed Robin
  1043 | D:2      | HP: 1/26 [worm (11)]
  1045 | D:2      | Slain by a goblin

Vanquished Creatures
  Robin (D:2)
  A worm (D:2)
  2 dart slugs (D:1)
  An endoplasm (D:1)
  9 goblins
  2 hobgoblins
  2 kobolds (D:1)
  A ball python (D:1)
  4 bats (D:1)
  A frilled lizard (D:1)
  2 rats (D:1)
26 creatures vanquished.

Table legend:
 A = Non-vault XP
 B = Vault XP
 C = Vault XP percentage of total XP
 D = Non-vault monster count
 E = Vault monster count
 F = Vault count percentage of total count
                 A         B        C        D         E       F
            +---------+---------+-------+---------+---------+-------
      Total |      39 |      25 |  39.1 |      20 |       6 |  23.1
            +---------+---------+-------+---------+---------+-------
        D:1 |      34 |       0 |   0.0 |      19 |       0 |   0.0
        D:2 |       5 |      25 |  83.3 |       1 |       6 |  85.7
            +---------+---------+-------+---------+---------+-------

Illustrated notes

Table legend:
 A = Kills in this place as a percentage of kills in entire the game.
 B = Kills by you in this place as a percentage of kills by you in the entire game.
 C = Kills by friends in this place as a percentage of kills by friends in the entire game.
 D = Other kills in this place as a percentage of other kills in the entire game.
 E = Experience gained in this place as a percentage of experience gained in the entire game.
 F = Experience gained in this place divided by the number of levels of this place that you have seen.
                   A       B       C       D       E      F
               +-------+-------+-------+-------+-------+----------------------
         Total | 100.0 | 100.0 |   N/A |   N/A | 100.0 |  32.0
       Dungeon | 100.0 | 100.0 |   N/A |   N/A | 100.0 |  32.0
               +-------+-------+-------+-------+-------+----------------------

Table legend: (Time is in decaauts)
 A = Elapsed time spent in this place.
 B = Non-inter-level travel time spent in this place.
 C = Inter-level travel time spent in this place.
 D = Time resting spent in this place.
 E = Time spent auto-exploring this place.
 F = Levels seen in this place.
 G = Mean time per level.
                   A        B        C        D        E       F      G
               +--------+--------+--------+--------+--------+-----+--------+
         Total |   1043 |   1014 |     29 |      0 |    877 |   2 |  521.5 |
       Dungeon |   1043 |   1014 |     29 |      0 |    877 |   2 |  521.5 |
               +--------+--------+--------+--------+--------+-----+--------+

Top non-repeatable levels by time:
     D:1: 1013 daAuts
     D:2: 30 daAuts
